 Seeded DCSS version 0.31.0-32-g396128a36d (webtiles) character file.

Game seed: 17580971406521618064 (custom seed)

1337 Alphaeus the Ruffian (level 8, -3/78 HPs)
             Began as a Troll Shapeshifter on Mar 19, 2024.
             Was a Follower of Qazlal.
             Slain by a gnoll sergeant
             ... wielding a +0 trident
              (14 damage)
             ... on level 6 of the Dungeon.
             The game lasted 00:03:28 (3743 turns).

Alphaeus the Ruffian (Troll Shapeshifter)           Turns: 3743, Time: 00:03:28

Health: -3/78      AC:  4    Str: 22 (25) XL:     8   Next: 35%
Magic:  7/7        EV:  9    Int:  4 (6)  God:    Qazlal [*.....]
Gold:   294        SH:  1    Dex:  7 (9)  Spells: 7/7 levels left

rFire   . .          .
                       - Unarmed
rCold   . . .        (no shield)
rNeg    . . .        a - +0 animal skin
rPois   .            (helmet currently unavailable)
rElec   .            (cloak currently unavailable)
rCorr   .            (gloves unavailable)
SInv    .            (boots unavailable)
Will    +....        (no amulet)
Stlth   +            p - ring of willpower
HPRegen 1.13/turn    (no ring)
MPRegen 0.10/turn

%: no passive effects
@: beast-form
A: beast (slay +3), large, unfitting armour, claws 3, regeneration 1, shaggy fur
1, tough skin 1
a: Begin Untransformation, Renounce Religion


You were on level 6 of the Dungeon.
You worshipped Qazlal.
Qazlal was aware of your devotion.
You were a hulking beast.
You visited 2 branches of the dungeon, and saw 7 of its levels.

You collected 294 gold pieces.

Inventory:

Missiles
 g - 3 throwing nets (quivered)
Armour
 a - a +0 animal skin (worn)
Jewellery
 b - a +6 ring of intelligence
 n - an amulet of faith
 p - a ring of willpower (left claw)
Talismans
 c - a beast talisman
 d - a flux talisman
 s - a storm talisman
 u - a serpent talisman
Wands
 t - a wand of mindburst (16)
 x - a wand of iceblast (8)
Scrolls
 f - 2 scrolls of noise {unknown}
 h - a scroll of brand weapon {unknown}
 i - 4 scrolls of teleportation {unknown}
 j - 3 scrolls of fog {unknown}
 m - a scroll of vulnerability {unknown}
 o - 4 scrolls of poison {unknown}
 r - 2 scrolls of identify {unknown}
 w - a scroll of acquirement {unknown}
 y - a scroll of amnesia {unknown}
Potions
 e - 2 potions of degeneration
 k - 3 potions of curing {unknown}
 l - 3 potions of haste {unknown}
 q - a potion of brilliance {unknown}
 v - a potion of mutation {unknown}
 z - a potion of magic {unknown}


   Skills:
 + Level 3.7 Fighting
 - Level 1.5 Dodging
 * Level 7.2 Unarmed Combat
 * Level 6.6 Shapeshifting


You had 7 spell levels left.
You didn't know any spells.
Your spell library contained the following spells:

 Spells                   Type           Power      Damage    Failure   Level
 Magic Dart               Conj           0%         1d3       50%         1
 Searing Ray              Conj           0%         2d4       65%         2
 Dazzling Flash           Conj/Hex       0%         N/A       86%         3
 Mephitic Cloud           Conj/Alch/Air  0%         N/A       86%         3
 Fulminant Prism          Conj/Alch      0%         3d5       99%         4
 Curse of Agony           Necr           0%         N/A       100%        5
 Silence                  Hex/Air        0%         N/A       100%        5


Dungeon Overview and Level Annotations

Branches:
Dungeon (6/15)             Temple (1/1) D:4

Altars:
Ashenzari
Cheibriados
Dithmenos
Fedhas
Hepliaklqana
Kikubaaqudgha
Makhleb
Qazlal
Trog
Uskayaw
Vehumet
Xom
Yredelemnul
Lugonu

Portals:
Abyss: D:3


Innate Abilities, Weirdness & Mutations

You are a hulking beast.
Your limbs bulge with bestial killing power. (Slay +3)
You are too large for most types of armour.
You have claws for hands.
Your natural rate of healing is unusually fast.
You are covered in fur. (AC +1)
You have tough skin. (AC +1)


Message History

You kill the kobold brigand!
Qazlal accepts your kill. The kobold barely misses you.
The kobold shoots a sling bullet.
The sling bullet hits you but does no damage.
The kobold hits you with a +0 short sword.
The gnoll sergeant barely misses you. The kobold closely misses you.
The kobold barely misses you.
You scratch the gnoll.
The gnoll is moderately wounded.
The kobold hits you but does no damage.
The kobold hits you with a +0 short sword. x2
The gnoll sergeant hits you from afar with a +0 trident.
The gnoll hits you with a +0 club. The kobold barely misses you.
You are too injured to fight recklessly!
You are too injured to fight recklessly!
You are too injured to fight recklessly!
You are too injured to fight recklessly!
You are too injured to fight recklessly!
You are too injured to fight recklessly!
You miss the kobold. The kobold hits you but does no damage.
The kobold hits you with a +0 short sword.
The gnoll sergeant hits you from afar with a +0 trident!
* * * LOW HITPOINT WARNING * * *
The gnoll closely misses you.
You mangle the kobold!!
You kill the kobold!
Qazlal accepts your kill.
The gnoll sergeant hits you from afar with a +0 trident.
* * * LOW HITPOINT WARNING * * *
You block the gnoll's attack.
It was a potion of degeneration.
There was something very wrong with that liquid.
You feel weakened.
You feel dopey.
You feel clumsy.
The kobold hits you with a +0 short sword.
* * * LOW HITPOINT WARNING * * *
The gnoll hits you with a +0 club.
* * * LOW HITPOINT WARNING * * *
The kobold hits you but does no damage.
The gnoll sergeant hits you from afar with a +0 trident!
You die...

................## ...
#...†...#...# ....
##....#.#...#...#
#..#.........>.#....
#..^..<.#.#........
##.....##..........
..#.........#.......
............K#.....#
.........##..hKK....##
..........####gK......
..#......## #)g......
.........# $g....##.
......... .#......#
......... ...........
....... #. ....###..
## ..... . #......


You could see a gnoll sergeant, 2 gnolls and 4 kobolds.

Vanquished Creatures
  A two-headed ogre (D:4)
  2 ogres (D:4)
  A kobold brigand (D:6)
  A bullfrog (D:6)
  A scorpion (D:4)
  3 hounds
  A jelly (D:6)
  A sleepcap (D:4)
  An iguana (D:4)
  6 adders
  3 gnolls (D:2)
  3 white imps (D:5)
  2 dart slugs
  3 ribbon worms (D:2)
  7 orcs (D:4)
  8 bats
  8 endoplasms
  9 giant cockroaches
  13 goblins
  6 hobgoblins
  A jackal (D:3)
  3 quokkas (D:3)
  10 ball pythons
  3 frilled lizards
  21 kobolds
  A rat (D:1)
119 creatures vanquished.

Notes
Turn   | Place    | Note
-------+----------+-------------------------------------------
     0 | D:1      | Alphaeus the Troll Shapeshifter began the quest for the
                  | Orb.
     0 | D:1      | Reached XP level 1. HP: 18/18 MP: 0/0
   108 | D:1      | Reached skill level 1 in Fighting
   110 | D:1      | Reached XP level 2. HP: 21/27 MP: 1/1
   682 | D:2      | Reached XP level 3. HP: 29/33 MP: 2/2
   875 | D:2      | Reached XP level 4. HP: 33/41 MP: 3/3
   910 | D:2      | Reached skill level 4 in Unarmed Combat
  1052 | D:2      | Found a broken altar of Ashenzari.
  1383 | D:3      | Found a one-way gate to the infinite horrors of the Abyss.
  1867 | D:3      | Found a large runed translucent door.
  1892 | D:3      | Found a large runed translucent door.
  1900 | D:3      | Found a corrupted altar of Lugonu.
  2114 | D:4      | Reached XP level 5. HP: 18/49 MP: 4/4
  2219 | D:4      | Noticed an ogre
  2226 | D:4      | Killed an ogre
  2298 | D:4      | Reached XP level 6. HP: 47/57 MP: 5/5
  2300 | D:4      | Reached skill level 5 in Unarmed Combat
  2323 | D:4      | Found a staircase to the Ecumenical Temple.
  2335 | Temple   | Entered the Ecumenical Temple
  2346 | Temple   | Became a worshipper of Qazlal Stormbringer
  2684 | D:4      | Reached skill level 5 in Shapeshifting
  2732 | D:4      | Noticed a two-headed ogre
  2748 | D:4      | Killed a two-headed ogre
  2749 | D:4      | Reached skill level 6 in Unarmed Combat
  2749 | D:4      | Reached XP level 7. HP: 16/67 MP: 6/6
  2749 | D:4      | Reached XP level 8. HP: 18/75 MP: 7/7
  2907 | D:5      | Entered Level 5 of the Dungeon
  3708 | D:6      | Reached * piety under Qazlal
  3709 | D:6      | Reached skill level 7 in Unarmed Combat
  3743 | D:6      | Slain by a gnoll sergeant

Illustrated notes

Levels and vault maps discovered:
D:1:      nicolae_arrival_somewhat_less_tricky_arrival, layout_loops_cross
D:2:      layout_rooms, basic_altar, serial_forest,
          infiniplex_forest_clump_large, infiniplex_forest_straight_2,
          infiniplex_forest_zigzag_1, infiniplex_forest_corner_2,
          infiniplex_forest_clump_small, infiniplex_forest_end_2,
          infiniplex_forest_join, infiniplex_forest_3_way,
          infiniplex_forest_clump_medium
D:3:      due_chaos_kobolds, layout_rooms, minmay_increasing_density
D:4:      cheibrodos_barr_body, layout_basic, temple_pool_b, serial_glass,
          glass_columns_b, glass_columns_b, glass_columns_a, glass_columns_c,
          glass_columns_a, glass_columns_b
D:5:      layout_basic
D:6:      layout_cave_pools, serial_gnoll_camp, gnoll_camp_mini_sergeant,
          gnoll_camp_mini_hut, gnoll_camp_mini_doghouse, gnoll_camp_huts_basic,
          gnoll_camp_mini_shop, serial_shops, nicolae_square_shop,
          nicolae_shop_rolling_square, minmay_pentangle
Temple:   nicolae_temple_hex_pool

Skill      XL: |  1  2  3  4  5  6  7  8 |
---------------+-------------------------+-----
Fighting       | 1 2 3 |  3.7
Unarmed Combat | 4 6 7 |  7.2
Shapeshifting  | 4 6 |  6.6
Dodging        | |  1.5

Action                     |  1- 3 |  4- 6 |  7- 9 || total
---------------------------+-------+-------+-------++-------
  Melee: Unarmed           |    75 |   155 |    33 ||   263
         Punch             |     2 |     2 |     3 ||     7
    Use: Potion            |       |     1 |     1 ||     2
 Armour: Animal skin       |    53 |    86 |    48 ||   187
         Skin              |       |    13 |       ||    13
  Dodge: Dodged            |    42 |    59 |    31 ||   132
  Block: Other             |       |       |     3 ||     3
